 Dungeon Crawl Stone Soup version 0.30-a0-134-gb40fab5c76 (webtiles) character file.

Game seed: 6893083567685343320

231 ytrimaz the Trooper (level 5, -2/66 HPs)
             Began as a Demonspawn Gladiator on Sept 19, 2022.
             Killed by divine providence
             ... invoked by an orc priest
              (15 damage)
             ... on level 4 of the Dungeon.
             The game lasted 00:02:38 (2547 turns).

ytrimaz the Trooper (Demonspawn Gladiator)          Turns: 2547, Time: 00:02:39

Health: -2/66      AC: 22    Str: 29    XL:     5   Next: 73%
Magic:  5/5        EV:  2    Int:  9    God:
Gold:   68         SH:  9    Dex: 14    Spells: 4/4 levels left

rFire   . . .      SeeInvis .    a - +0 war axe
rCold   . . .      Faith    .    (no shield)
rNeg    . . .      Spirit   .    (body armour currently unavailable)
rPois   +          Reflect  +    (helmet currently unavailable)
rElec   .          Harm     .    (cloak currently unavailable)
rCorr   .          Rampage  .    (gloves currently unavailable)
Will    .....      NoTele   +    (boots currently unavailable)
Stlth   +.........               t - amulet of reflection
HPRegen 0.21/turn                j - +6 ring of strength
MPRegen 0.09/turn                l - +6 ring of strength

@: tree-form
A: stationary, stasis, torment immunity, boosted hp, condensation shield,
(weakness stinger 1)
a: no special abilities


You were on level 4 of the Dungeon.
You were a tree.
You visited 1 branch of the dungeon, and saw 4 of its levels.

You collected 68 gold pieces.


Innate Abilities, Weirdness & Mutations

You are a tree.
Your roots penetrate the ground, keeping you stationary.
You cannot be teleported.
You are immune to unholy pain and torment.
Your maximum health is greatly increased.
Your equipment is partially melded.
A meltable shield of frost defends you. (SH +4)
((You have a small tail.))


   Skills:
 * Level 5.1 Fighting
 + Level 4.0 Axes
 - Level 1.7 Throwing
 - Level 2.6 Dodging


You had 4 spell levels left.
You didn't know any spells.
Your spell library contained the following spells:

 Spells                   Type           Power      Damage    Failure   Level
 Magic Dart               Conj           0%         1d3       38%         1
 Searing Ray              Conj           0%         2d4       52%         2
 Sublimation of Blood     Necr           0%         N/A       52%         2
 Wereblood                Tmut           0%         N/A       52%         2
 Kindle Blastsparks       Fire/Tloc/Air  0%         2d10      77%         3
 Fulminant Prism          Conj/Hex       0%         3d6       99%         4
 Iskenderun's Mystic Bla  Conj/Tloc      0%         2d3       99%         4
 Lee's Rapid Deconstruct  Erth           0%         3d5*      100%        5
 Summon Hydra             Summ           0%         N/A       100%        7

Inventory:

Hand Weapons
 a - a +0 war axe (weapon)
 b - a +0 hand axe
   (You took it off an orc on level 3 of the Dungeon)
Missiles
 d - 3 throwing nets (quivered)
 e - a javelin
 v - 3 boomerangs
Armour
 c - a +0 helmet (melded)
 q - a +0 ring mail (melded)
   (You found it on level 1 of the Dungeon)
 u - a +0 pair of gloves (melded)
   (You found it on level 3 of the Dungeon)
Jewellery
 j - a +6 ring of strength (left branch)
   (You found it on level 1 of the Dungeon)
 l - a +6 ring of strength (right branch)
   (You found it on level 3 of the Dungeon)
 t - an amulet of reflection (around neck)
   (You found it on level 3 of the Dungeon)
Scrolls
 h - a scroll of magic mapping
 m - 2 scrolls of enchant weapon {unknown}
 n - 2 scrolls of teleportation {unknown}
 p - a scroll of silence {unknown}
 r - a scroll of noise {unknown}
 s - 3 scrolls of identify
Potions
 f - a potion of lignification
 g - 3 potions of mutation
 i - a potion of might {unknown}
 k - a potion of attraction {unknown}
 o - a potion of degeneration {unknown}
 w - a potion of flight {unknown}

Dungeon Overview and Level Annotations

Branches:
Dungeon (4/15) Zot: 21406
 Temple: D:4-7

Altars:

................#
........####.......##
.....### ##..###.#
#..#. #####..## .# .
##..^..## ##.
#..##### ##..##)##
#.>.)†)# .../h.#♣##
..... #o# .... #o.
... .... .. ##..# .
... .... .#.#.


You could see an orc priest and an orc.


Message History

You block the orc priest's attack. You block the jackal's attack.
Things that are here:
a +0 dagger; a +0 robe; an orc corpse You are too injured to fight recklessly!
Unknown command.
You closely miss the orc priest. You hit the jackal but do no damage.
You slash the orc!
You kill the orc!
The orc priest hits you with a +0 dagger. 😮 HP[-2]
You take 2 damage, and now have 30/43 hp.
You are too injured to fight recklessly!
You hit the orc priest but do no damage.
You tail-slap the orc priest, but do no damage.
You hit the jackal.
You kill the jackal!
You closely miss the goblin.
The orc priest invokes the aid of Beogh against you.
Beogh smites you!
The goblin completely misses you. 😮 HP[-7]
You take 7 damage, and now have 23/43 hp.
Unknown command.
You are too injured to fight recklessly!
You slash the orc priest!
Your tail-slap misses the orc priest.
You hit the goblin.
You kill the goblin!
The orc priest hits you but does no damage.
The jackal barely misses you.
The orc priest hits you with a +0 dagger.
* * * LOW HITPOINT WARNING * * *
😨 HP[-4]
You take 4 damage, and now have 19/43 hp.
Unknown command.
You are too injured to fight recklessly!
You closely miss the orc priest. You barely miss the jackal.
The jackal barely misses you.
The orc priest hits you with a +0 dagger.
* * * LOW HITPOINT WARNING * * *
😨 HP[-3]
You take 3 damage, and now have 16/43 hp.
Unknown command.
You slash the orc priest!
You kill the orc priest!
You closely miss the jackal.
Your Fighting skill increases to level 5!
Your Axes skill increases to level 4!
You now have 44 max hp (+1).
Unknown command.
It was a potion of lignification.
You turn into a tree.
Your +0 helmet melds into your body.
Your +0 pair of gloves melds into your body.
Your +0 ring mail melds into your body.
Your roots penetrate the ground.
You block the jackal's attack. The orc hits you but does no damage.
The jackal bites you but does no damage. 😨 HP[+9]
You now have 66 max hp (+22).
You regained 9 hp, and now have 25/66 hp.
Okay, then.
You hit the orc. You closely miss the jackal. x2
The jackal barely misses you.
The jackal bites you but does no damage.
You block the orc's attack.
The orc priest invokes the aid of Beogh against you.
Beogh smites you!
* * * LOW HITPOINT WARNING * * *
You block the jackal's attack.
The jackal bites you but does no damage.
The orc barely misses you. 😱 HP[-11]
You take 11 damage, and now have 14/66 hp.
You slash the orc!
You kill the orc!
You slash the jackal!
You kill the jackal!
You hit the jackal.
You kill the jackal! 😱 HP[+1]
You are too injured to fight recklessly!
You barely miss the orc priest. The orc priest hits you with a +0 club.
* * * LOW HITPOINT WARNING * * *
😱 HP[-2]
You take 2 damage, and now have 13/66 hp.
You are too injured to fight recklessly!
You closely miss the orc priest. You block the orc priest's attack.
Unknown command.
You are too injured to fight recklessly!
You hit the orc priest but do no damage.
The orc priest hits you but does no damage. x2
You are too injured to fight recklessly!
You closely miss the orc priest.
You block the orc priest's attack. 😱 HP[+1]
You slash the orc priest! The orc priest hits you with a +0 club.
* * * LOW HITPOINT WARNING * * *
😱 HP[-1]
You take 1 damage, and now have 13/66 hp.
You hit the orc priest but do no damage.
You block the orc priest's attack.
The orc priest invokes the aid of Beogh against you.
Beogh smites you!
You die...

Skill      XL: |  1  2  3  4  5 |
---------------+----------------+-----
Axes           | 3 4 |  4.0
Fighting       | 3 4 5 |  5.1
Throwing       | |  1.7
Dodging        | |  2.6

Action                   |  1- 3 |  4- 6 || total
-------------------------+-------+-------++-------
Melee: War axe           |    79 |    55 ||   134
       Tailslap          |     3 |     3 ||     6
       Punch             |     1 |       ||     1
  Use: Scroll            |     4 |       ||     4
       Potion            |       |     1 ||     1
 Stab: Sleeping          |     2 |       ||     2
Armor: Leather armour    |    23 |       ||    23
       Ring mail         |     1 |    14 ||    15
       Skin              |       |     6 ||     6
Dodge: Dodged            |    66 |    25 ||    91
Block: Other             |       |    25 ||    25

Levels and vault maps discovered:
D:1:      nicolae_arrival_somewhat_less_tricky_arrival, layout_rooms,
          nicolae_ecumenical_snake_handling, hangedman_glass_teeth
D:2:      layout_basic
D:3:      layout_loops_ring
D:4:      layout_rooms, fedhas_altar_1

Notes
Turn   | Place    | Note
-------+----------+-------------------------------------------
     0 | D:1      | ytrimaz the Demonspawn Gladiator began the quest for the
                  | Orb.
     0 | D:1      | Reached XP level 1. HP: 16/16 MP: 1/1
     0 | D:1      | magus.rc [v1.9.6]
   176 | D:1      | Gained mutation: You have a small tail. [demonic ancestry]
   176 | D:1      | Reached XP level 2. HP: 18/23 MP: 2/2
   362 | D:1      | You pick up a book of Conjurations and begin reading...
   362 | D:1      | You add the spells Magic Dart, Searing Ray and Fulminant
                  | Prism to your library.
   441 | D:1      | Reached skill level 3 in Axes
   596 | D:1      | Reached skill level 3 in Fighting
   741 | D:1      | Reached XP level 3. HP: 13/29 MP: 3/3
   912 | D:1      | Found a faded altar of an unknown god.
  1327 | D:2      | You pick up a book of Blasting and begin reading...
  1327 | D:2      | You add the spells Kindle Blastsparks, Iskenderun's Mystic
                  | Blast and Lee's Rapid Deconstruction to your library.
  1372 | D:2      | You pick up a book of Blood and begin reading...
  1372 | D:2      | You add the spells Sublimation of Blood, Wereblood and
                  | Summon Hydra to your library.
  1782 | D:3      | Reached skill level 4 in Fighting
  1782 | D:3      | Gained mutation: A meltable shield of frost defends you.
                  | (SH +4) [demonic ancestry]
  1782 | D:3      | Reached XP level 4. HP: 13/37 MP: 4/4
  2527 | D:4      | Reached XP level 5. HP: 33/43 MP: 5/5
  2539 | D:4      | Reached skill level 5 in Fighting
  2539 | D:4      | Reached skill level 4 in Axes
  2540 | D:4      | HP: 14/66 [orc priest/divine providence (11)]
  2546 | D:4      | HP: 13/66 [orc priest/+0 club (1)]
  2547 | D:4      | Killed from afar by an orc priest

Vanquished Creatures
  3 orc priests
  An iguana (D:4)
  An orc wizard (D:4)
  An adder (D:2)
  3 dart slugs
  6 orcs
  10 endoplasms
  2 giant cockroaches
  8 goblins
  3 hobgoblins
  4 jackals (D:4)
  4 quokkas
  5 ball pythons
  3 bats
  2 frilled lizards (D:1)
  9 kobolds
  5 rats
70 creatures vanquished.

Vanquished Creatures (others)
  A rat (D:1)
1 creature vanquished.

Grand Total: 71 creatures vanquished

Table legend:
 A = Non-vault XP
 B = Vault XP
 C = Vault XP percentage of total XP
 D = Non-vault monster count
 E = Vault monster count
 F = Vault count percentage of total count
                 A         B        C        D         E       F
            +---------+---------+-------+---------+---------+-------
      Total |     327 |       4 |   1.2 |      67 |       3 |   4.3
            +---------+---------+-------+---------+---------+-------
        D:1 |      43 |       4 |   8.5 |      25 |       3 |  10.7
        D:2 |      23 |       0 |   0.0 |       8 |       0 |   0.0
        D:3 |      80 |       0 |   0.0 |      17 |       0 |   0.0
        D:4 |     181 |       0 |   0.0 |      17 |       0 |   0.0
            +---------+---------+-------+---------+---------+-------

Illustrated notes

Table legend:
 A = Kills in this place as a percentage of kills in entire the game.
 B = Kills by you in this place as a percentage of kills by you in the entire game.
 C = Kills by friends in this place as a percentage of kills by friends in the entire game.
 D = Other kills in this place as a percentage of other kills in the entire game.
 E = Experience gained in this place as a percentage of experience gained in the entire game.
 F = Experience gained in this place divided by the number of levels of this place that you have seen.
                   A       B       C       D       E      F
               +-------+-------+-------+-------+-------+----------------------
         Total | 100.0 | 100.0 |   N/A |   N/A | 100.0 |  82.8
       Dungeon | 100.0 | 100.0 |   N/A |   N/A | 100.0 |  82.8
               +-------+-------+-------+-------+-------+----------------------

Table legend: (Time is in decaauts)
 A = Elapsed time spent in this place.
 B = Non-inter-level travel time spent in this place.
 C = Inter-level travel time spent in this place.
 D = Time resting spent in this place.
 E = Time spent auto-exploring this place.
 F = Levels seen in this place.
 G = Mean time per level.
                   A        B        C        D        E       F      G
               +--------+--------+--------+--------+--------+-----+--------+
         Total |   2592 |   2448 |    144 |     29 |   1972 |   4 |  648.0 |
       Dungeon |   2592 |   2448 |    144 |     29 |   1972 |   4 |  648.0 |
               +--------+--------+--------+--------+--------+-----+--------+

Top non-repeatable levels by time:
     D:1: 1260 daAuts
     D:3: 949 daAuts
     D:2: 284 daAuts
     D:4: 97 daAuts
